 Dungeon Crawl Stone Soup version 0.25-a0-340-ga1faa1601d (webtiles) character file.

Game seed: 16312860674217710399, levelgen mode: deterministic

414 pk666 the Magician (level 6, -4/32 HPs)
             Began as a Deep Elf Wizard on Dec 29, 2019.
             Splashed by Ijyb's acid (15 damage)
             ... on level 4 of the Dungeon.
             The game lasted 00:08:21 (4922 turns).

pk666 the Magician (Deep Elf Wizard)                Turns: 4922, Time: 00:08:22

Health: -4/32      AC:  2    Str:  7    XL:     6   Next: 60%
Magic:  12/17      EV: 14    Int: 25    God:
Gold:   192        SH:  0    Dex: 13    Spells: 6/17 levels left

rFire    . . .     SeeInvis .   n - +0 dagger
rCold    . . .     Gourm    .   (no shield)
rNeg     . . .     Faith    .   a - +0 robe
rPois    .         Spirit   .   b - +0 hat
rElec    .         Reflect  .   (no cloak)
rCorr    .         Harm     .   (no gloves)
MR       +....                  (no boots)
Stlth    ++........             (no amulet)
HPRegen  0.10/turn              u - +3 ring of strength
MPRegen  0.15/turn              m - ring of protection from magic

@: no status effects
A: no striking features
a: no special abilities


You were on level 4 of the Dungeon.
You were not hungry.

You visited 1 branch of the dungeon, and saw 4 of its levels.

You collected 192 gold pieces.

Inventory:

Hand Weapons
 n - a +0 dagger (weapon)
Armour
 a - a +0 robe (worn)
 b - a +0 hat (worn)
Jewellery
 m - a ring of protection from magic (right hand)
 o - a +4 ring of slaying
 u - a +3 ring of strength (left hand)
 w - a +2 ring of slaying
Wands
 j - a wand of polymorph (5)
Scrolls
 c - a scroll of fog {unknown}
 e - 3 scrolls of teleportation {unknown}
 f - a scroll of magic mapping {unknown}
 h - 2 scrolls of identify {unknown}
 l - a scroll of amnesia {unknown}
 q - a scroll of remove curse {unknown}
Potions
 g - 2 potions of berserk rage {unknown}
 i - 2 potions of mutation {unknown}
 k - a potion of brilliance {unknown}
 p - a potion of haste {unknown}
 r - a potion of cancellation {unknown}
 s - a potion of lignification {unknown}
 t - a potion of curing {unknown}
 v - a potion of heal wounds {unknown}
Comestibles
 d - 5 rations


   Skills:
 - Level 4.2 Dodging
 - Level 2.4 Stealth
 + Level 6.4 Spellcasting
 + Level 3.8 Conjurations
 - Level 2.0 Summonings
 - Level 1.1 Translocations
 + Level 1.7 Fire Magic
 + Level 1.5 Air Magic
 + Level 1.7 Poison Magic


You had 6 spell levels left.
You knew the following spells:

 Your Spells              Type           Power        Failure   Level  Hunger
a - Magic Dart            Conj           ####         1%          1    None
b - Blink                 Tloc           N/A          7%          2    None
c - Conjure Flame         Conj/Fire      ###.....     7%          3    None
d - Mephitic Cloud        Conj/Pois/Air  ###.....     9%          3    None
e - Call Imp              Summ           ###.....     4%          2    None

Your spell library contained the following spells:

 Spells                   Type           Power        Failure   Level  Hunger
 Slow                     Hex            #.......     11%         2    None


Dungeon Overview and Level Annotations

Branches:
Dungeon (4/15)
 Temple: D:4-7

Altars:
Dithmenos
Nemelex Xobeh

Annotations:
D:4 Ijyb


Message History

Casting: Magic Dart (safe; 1% risk of failure)
Confirm with . or Enter, or press ? or * to list all spells.
Aiming: Magic Dart (safe; 1% risk of failure)
Press: ? - help, Shift-Dir - straight line, f - Ijyb
Aim: Ijyb, wearing a +0 leather armour and carrying a wand of acid (6) (resting)
The magic dart hits Ijyb.
Ijyb is lightly wounded.
Ijyb shouts!
Casting: Magic Dart (safe; 1% risk of failure)
Confirm with . or Enter, or press ? or * to list all spells.
You blink.
A scorpion comes into view.
Casting: Blink (safe; 7% risk of failure)
Confirm with . or Enter, or press ? or * to list all spells.
The fire begins to smolder!
The teleport trap disappears.
The scorpion disappears!
Ijyb zaps a wand.
The bolt of acid hits you!!
Ouch! That really hurt!
You are splashed with acid!
You die...

#.........#.#..#.#.#
######+##[#.####.#.#
#[#......#.#
#########.########.#
....<...#(##.......#
#######............#
#.........§#.#
#..###.###.#.# #..#
#.# #@#.# #..# .#
#§#.# #..# .# #.#.#
#..# .# #.#.# #..#
.# #.#.# #..# .#
#g#.# #.#.# #.# #.#


You could see Ijyb.

Vanquished Creatures
  Sigmund (D:3)
  An orc priest (D:4)
  Jessica (D:3)
  2 orc wizards
  2 worker ants (D:3)
  2 adders (D:3)
  An ooze (D:3)
  A worm (D:2)
  4 dart slugs
  5 orcs
  5 bats
  3 giant cockroaches
  2 goblins
  7 hobgoblins
  9 jackals
  2 quokkas (D:2)
  6 frilled lizards
  4 kobolds
  A leopard gecko skeleton (D:4)
  9 rats
68 creatures vanquished.

Notes
Turn   | Place    | Note
-------+----------+-------------------------------------------
     0 | D:1      | pk666 the Deep Elf Wizard began the quest for the Orb.
     0 | D:1      | Reached XP level 1. HP: 10/10 MP: 7/7
   288 | D:1      | Reached XP level 2. HP: 15/15 MP: 6/9
  1341 | D:2      | Reached skill level 5 in Spellcasting
  1462 | D:2      | Reached XP level 3. HP: 19/19 MP: 8/11
  1466 | D:2      | Learned a level 2 spell: Blink
  1470 | D:2      | Learned a level 3 spell: Conjure Flame
  1474 | D:2      | Learned a level 3 spell: Mephitic Cloud
  1477 | D:2      | Learned a level 2 spell: Call Imp
  2008 | D:2      | Found a shadowy altar of Dithmenos.
  2008 | D:2      | Found a sparkling altar of Nemelex Xobeh.
  3105 | D:2      | Reached XP level 4. HP: 12/24 MP: 0/13
  3554 | D:3      | Noticed Jessica
  3558 | D:3      | Killed Jessica
  3558 | D:3      | Reached XP level 5. HP: 28/28 MP: 8/15
  3559 | D:3      | Noticed Sigmund
  3785 | D:3      | Reached skill level 6 in Spellcasting
  4417 | D:3      | Killed Sigmund
  4417 | D:3      | Reached skill level 1 in Fire Magic
  4417 | D:3      | Reached skill level 1 in Air Magic
  4417 | D:3      | Reached skill level 1 in Poison Magic
  4417 | D:3      | Reached XP level 6. HP: 32/32 MP: 4/17
  4916 | D:4      | Noticed Ijyb
  4922 | D:4      | Splashed by Ijyb's acid

Levels and vault maps discovered:
D:1:      lightli_molten_gateway, layout_basic
D:2:      layout_loops_cross, gammafunk_temple_overflow_elements, first_ration,
          minmay_liquid_box
D:3:      layout_rooms, uniq_sigmund, uniq_jessica
D:4:      layout_basic, lemuel_doored_altar, kennysheep_generic_room_10,
          uniq_crazy_yiuf_cottage, uniq_natasha, uniq_ijyb

Skill      XL: |  1  2  3  4  5  6 |
---------------+-------------------+-----
Dodging        | 3 4 |  4.2
Conjurations   | 2 3 |  3.8
Spellcasting   | 5 6 |  6.4
Fire Magic     | 1 |  1.7
Air Magic      | 1 |  1.5
Poison Magic   | 1 |  1.7
Summonings     | 2 |  2.0
Stealth        | |  2.4
Translocations | |  1.1

Action                   |  1- 3 |  4- 6 || total
-------------------------+-------+-------++-------
 Cast: Magic Dart        |   137 |    83 ||   220
       Conjure Flame     |     2 |     6 ||     8
       Blink             |     1 |     1 ||     2
       Call Imp          |     1 |       ||     1
       Mephitic Cloud    |       |     7 ||     7
  Eat: Chunk             |     5 |       ||     5
       Ration            |       |     2 ||     2
Armor: Robe              |     3 |     1 ||     4
Dodge: Dodged            |    25 |     5 ||    30

Table legend:
 A = Non-vault XP
 B = Vault XP
 C = Vault XP percentage of total XP
 D = Non-vault monster count
 E = Vault monster count
 F = Vault count percentage of total count
                 A         B        C        D         E       F
            +---------+---------+-------+---------+---------+-------
      Total |     332 |     260 |  43.9 |      66 |       2 |   2.9
            +---------+---------+-------+---------+---------+-------
        D:1 |      23 |       0 |   0.0 |      12 |       0 |   0.0
        D:2 |      85 |       0 |   0.0 |      26 |       0 |   0.0
        D:3 |     131 |     260 |  66.5 |      22 |       2 |   8.3
        D:4 |      93 |       0 |   0.0 |       6 |       0 |   0.0
            +---------+---------+-------+---------+---------+-------
